 Dungeon Crawl Stone Soup version 0.29-a0-251-g80730f7218 (webtiles) character file.

Game seed: 2607311169469406049

57 spaghetti the Ducker (level 4, 0/31 HPs)
             Began as an Octopode Chaos Knight on Mar 5, 2022.
             Was a Plaything of Xom.
             Slain by a gnoll
             ... wielding a +4 flail of chaos
              (11 damage)
             ... on level 2 of the Dungeon.
             The game lasted 00:02:43 (1759 turns).

spaghetti the Ducker (Octopode Chaos Knight)        Turns: 1759, Time: 00:02:44

Health: 0/31       AC:  1    Str:  9 (11) XL:     4   Next: 0%
Magic:  4/4        EV: 14    Int: 13 (14) God:    Xom [...*..]
Gold:   80         SH:  0    Dex: 12 (13) Spells: 3/3 levels left

rFire   + . .      SeeInvis .   a - +0 falchion (chaos) {long}
rCold   + . .      Faith    .   (no shield)
rNeg    . . .      Spirit   .   (helmet restricted)
rPois   +          Reflect  .   (no amulet)
rElec   +          Harm     .   (no ring)
rCorr   +          Rampage  .   (no ring)
Will    .....                   (no ring)
Stlth   ++........              (no ring)
HPRegen 0.10/turn               (no ring)
MPRegen 0.09/turn               (no ring)
                                (no ring)
                                (no ring)

@: brilliant, resistant, flying
A: almost no armour, amphibious, 8 rings, camouflage 1, gelatinous body 1,
(nimble swimmer 1), tentacles
a: Renounce Religion


You were on level 2 of the Dungeon.
You worshipped Xom.
You were a favourite toy of Xom.
You visited 1 branch of the dungeon, and saw 2 of its levels.

You collected 80 gold pieces.


Innate Abilities, Weirdness & Mutations

You cannot wear most types of armour.
You are amphibious.
You can wear up to eight rings at the same time.
Your skin changes colour to match your surroundings (Stealth+).
Your rubbery body absorbs attacks. (AC +1, EV +1)
((You are camouflaged when in or above water. (Stealth+)))
You have tentacles for arms and can constrict up to eight enemies at once.


   Skills:
 - Level 3.0 Fighting
 - Level 3.0 Long Blades
 + Level 4.3 Dodging


You had 3 spell levels left.
You didn't know any spells.
Your spell library contained the following spells:

 Spells                   Type           Power      Damage    Failure   Level
 Conjure Flame            Conj/Fire      0%         6-21      67%         3
 Ignite Poison            Fire/Tmut/Pois 0%         N/A       67%         3
 Sticky Flame             Conj/Fire      0%         2d3       97%         4

Inventory:

Hand Weapons
 a - a +0 falchion of chaos (weapon) {long}
 b - a +0 hunting sling {sling}
   (You found it on level 1 of the Dungeon)
Missiles
 e - 4 poisoned darts (quivered) {throwing}
 f - 9 stones {throwing}
Scrolls
 c - a scroll of magic mapping {!r}
 d - a scroll of immolation {unknown}
 g - a scroll of teleportation {unknown}
 h - a scroll of amnesia {unknown}
 m - 2 scrolls of identify {@r1}
 n - a scroll of enchant armour {unknown}
Potions
 i - a potion of resistance

Dungeon Overview and Level Annotations

Branches:
Dungeon (2/15)

Altars:

Shops:
D:1

[(? #########
#.......#
####.#####.#
#...[#####.###
.....##......#
.....##.##.#.#####
........##.#.....#
#..........#####)#
############ #@# #
#gr...# #
#.#...... #
......... # ...
..... # ##.....##.
# (..# ## # ...# #


You could see a gnoll and a rat.


Message History

There is a stone staircase leading up here.
Adjust to which letter? (? for menu, Esc to quit)
b - a +0 hunting sling {sling};
m - 2 scrolls of identify {@r1}
n - a scroll labelled CEISSA WIETES You now have 80 gold pieces (gained 11).
o - an amethyst potion You see here a +0 chain mail.
A gnoll comes into view. It is wielding a +0 flail.
b - a +0 hunting sling (weapon)
{sling} Fire: b) +0 hunting sling {sling}
Press: ? - help, Q - select action, (/) - cycle Shift-Dir - straight line, f - gnoll
Aim: a gnoll, wielding a +0 flail (asleep, 98% to hit)
You shoot a sling bullet. The sling bullet hits the gnoll.
The gnoll shouts!
You hear a shout!
A gnoll comes into view. It is wielding a +0 halberd.
Fire: b) +0 hunting sling {sling}
Press: ? - help, Q - select action, (/) - cycle Shift-Dir - straight line, f/p - gnoll
Aim: a gnoll, wielding a +0 flail (moderately wounded, 58% to hit)
You shoot a sling bullet.
The sling bullet barely misses the gnoll.
The sling bullet barely misses the gnoll.
An adder comes into view.
The adder moves out of view.
Fire: b) +0 hunting sling {sling}
Press: ? - help, Q - select action, (/) - cycle Shift-Dir - straight line, f/p - gnoll
Aim: a gnoll, wielding a +0 flail (moderately wounded, 58% to hit)
You shoot a sling bullet.
The sling bullet barely misses the gnoll.
The sling bullet barely misses the gnoll.
Fire: b) +0 hunting sling {sling}
Press: ? - help, Q - select action, (/) - cycle Shift-Dir - straight line, f/p - gnoll
Aim: a gnoll, wielding a +0 flail (moderately wounded, 58% to hit)
You shoot a sling bullet.
The sling bullet closely misses the gnoll.
The sling bullet hits the gnoll but does no damage.
The gnoll closely misses you.
Your +0 falchion of chaos {long} is briefly surrounded by a scintillating aura of random colours.
a - a +0 falchion of chaos (weapon)
{long} The gnoll misses you.
You hit the gnoll but do no damage. Your grab misses the gnoll.
A gnoll comes into view. It is wielding a +0 flail.
The gnoll closely misses you. The gnoll barely misses you.
The gnoll shouts!
You slash the gnoll!
The gnoll seems to grow stronger.
You grab the gnoll. You squeeze the gnoll.
You kill the gnoll!
The gnoll barely misses you. The gnoll barely misses you.
You see here a +0 flail {mace}.
You hit the gnoll. You grab the gnoll.
You constrict the gnoll, but do no damage.
The gnoll closely misses you.
You hit the gnoll.
You kill the gnoll!
Xom chortles.
The gnoll's +0 flail erupts in a glittering mayhem of colour.
You have reached level 4! 😎 HP[+5] MP[+1]
You now have 31 max hp (+5).
Your hp is fully restored (31).
Your mp is fully restored (4).
The gnoll hits you with a +4 flail of chaos!
Ouch! That really hurt!
* * * LOW HITPOINT WARNING * * *
The gnoll freezes you.
* * * LOW HITPOINT WARNING * * *
Things that are here:
a +0 halberd {polearm}; a gnoll corpse; 😨 HP[-20]
You take 20 damage, and now have 11/31 hp.
MASSIVE DAMAGE!! (PAUSE) Unknown command.
Unknown command.
It was a potion of curing.
You feel better.
Xom thinks this is hilarious!
A rat comes into view.
The gnoll closely misses you. 😮 HP[+8]
You regained 8 hp, and now have 19/31 hp.
It was a potion of resistance.
You feel protected. The gnoll barely misses you.
It was a potion of degeneration.
There was something very wrong with that liquid.
You feel weakened.
You feel dopey.
You feel clumsy. The gnoll closely misses you.
It was a potion of brilliance.
You feel clever all of a sudden.
Xom thinks this is hilarious!
The rat bites you.
The gnoll hits you with a +4 flail of chaos.
* * * LOW HITPOINT WARNING * * *
😨 HP[-7]
You take 7 damage, and now have 12/31 hp.
MASSIVE DAMAGE!! (PAUSE) It was a potion of flight.
You feel very buoyant.
You fly up into the air.
The rat bites you.
* * * LOW HITPOINT WARNING * * *
The gnoll hits you with a +4 flail of chaos!
You die...

Skill      XL: |  1  2  3 |
---------------+----------+-----
Dodging        | 3 4 |  4.3
Fighting       | |  3.0
Long Blades    | |  3.0

Action                   |  1- 3 |  4- 6 || total
-------------------------+-------+-------++-------
Melee: Falchion          |    66 |       ||    66
       Tentacles         |    13 |       ||    13
       Constrict         |    18 |       ||    18
       Punch             |     2 |       ||     2
 Fire: Hunting sling     |     4 |       ||     4
  Use: Scroll            |     1 |       ||     1
       Potion            |     1 |     5 ||     6
 Stab: Sleeping          |     1 |       ||     1
Armor: Skin              |     6 |       ||     6
Dodge: Dodged            |    65 |     3 ||    68

Levels and vault maps discovered:
D:1:      dpeg_arrival_tiny_a, layout_basic, serial_shops,
          nicolae_shop_waterfront, shop, shop, minmay_hexomino_f4
D:2:      layout_loops_cross, shapermc_ecumenical_altar_mp_ritualfount

Notes
Turn   | Place    | Note
-------+----------+-------------------------------------------
     0 | D:1      | spaghetti the Octopode Chaos Knight began the quest for the
                  | Orb.
     0 | D:1      | Reached XP level 1. HP: 16/16 MP: 1/1
     0 | D:1      | magus.rc [v1.9.6]
   446 | D:1      | Found Esuviada's Magic Scroll Emporium.
   455 | D:1      | Reached skill level 3 in Dodging
   455 | D:1      | Reached XP level 2. HP: 21/21 MP: 2/2
   668 | D:1      | XOM is BORED!
   668 | D:1      | XOM: noise
   683 | D:1      | Found Mown's Weapon Shoppe.
   704 | D:1      | XOM: silly message
   738 | D:1      | XOM: god gift: pair of embroidered gloves {god gift}
   857 | D:1      | Reached XP level 3. HP: 14/26 MP: 3/3
   859 | D:1      | You add the spells Conjure Flame, Ignite Poison and Sticky
                  | Flame to your library.
  1463 | D:1      | Found Mawer's Antique Armour Emporium.
  1545 | D:1      | Reached skill level 4 in Dodging
  1753 | D:2      | XOM: chaos upgrade
  1754 | D:2      | Reached XP level 4. HP: 31/31 MP: 4/4
  1759 | D:2      | Slain by a gnoll

Vanquished Creatures
  2 gnolls (D:2)
  2 dart slugs (D:1)
  3 bats (D:1)
  2 endoplasms (D:1)
  A giant cockroach (D:1)
  A goblin (D:1)
  3 hobgoblins (D:1)
  5 jackals (D:1)
  2 quokkas (D:1)
  5 ball pythons (D:1)
  2 frilled lizards (D:1)
  4 kobolds (D:1)
  A rat (D:1)
33 creatures vanquished.

Table legend:
 A = Non-vault XP
 B = Vault XP
 C = Vault XP percentage of total XP
 D = Non-vault monster count
 E = Vault monster count
 F = Vault count percentage of total count
                 A         B        C        D         E       F
            +---------+---------+-------+---------+---------+-------
      Total |      73 |       9 |  11.0 |      29 |       4 |  12.1
            +---------+---------+-------+---------+---------+-------
        D:1 |      45 |       9 |  16.7 |      27 |       4 |  12.9
        D:2 |      28 |       0 |   0.0 |       2 |       0 |   0.0
            +---------+---------+-------+---------+---------+-------

Illustrated notes

Table legend:
 A = Kills in this place as a percentage of kills in entire the game.
 B = Kills by you in this place as a percentage of kills by you in the entire game.
 C = Kills by friends in this place as a percentage of kills by friends in the entire game.
 D = Other kills in this place as a percentage of other kills in the entire game.
 E = Experience gained in this place as a percentage of experience gained in the entire game.
 F = Experience gained in this place divided by the number of levels of this place that you have seen.
                   A       B       C       D       E      F
               +-------+-------+-------+-------+-------+----------------------
         Total | 100.0 | 100.0 |   N/A |   N/A | 100.0 |  41.0
       Dungeon | 100.0 | 100.0 |   N/A |   N/A | 100.0 |  41.0
               +-------+-------+-------+-------+-------+----------------------

Table legend: (Time is in decaauts)
 A = Elapsed time spent in this place.
 B = Non-inter-level travel time spent in this place.
 C = Inter-level travel time spent in this place.
 D = Time resting spent in this place.
 E = Time spent auto-exploring this place.
 F = Levels seen in this place.
 G = Mean time per level.
                   A        B        C        D        E       F      G
               +--------+--------+--------+--------+--------+-----+--------+
         Total |   1768 |   1670 |     98 |    760 |    656 |   2 |  884.0 |
       Dungeon |   1768 |   1670 |     98 |    760 |    656 |   2 |  884.0 |
               +--------+--------+--------+--------+--------+-----+--------+

Top non-repeatable levels by time:
     D:1: 1717 daAuts
     D:2: 51 daAuts
